 Dungeon Crawl Stone Soup version 0.28-b1-25-g9875b3fc8c (webtiles) character file.

Game seed: 5370653217810229057

2875 mcbry74 the Spear-Bearer (level 9, -5/61 HPs)
             Began as a Merfolk Gladiator on Feb 2, 2022.
             Slain by a two-headed ogre (16 damage)
             ... on level 6 of the Dungeon.
             The game lasted 00:26:17 (8834 turns).

mcbry74 the Spear-Bearer (Merfolk Gladiator)        Turns: 8834, Time: 00:26:18

Health: -5/61      AC:  7    Str: 21    XL:     9   Next: 76%
Magic:  9/9        EV: 16    Int: 11    God:
Gold:   376        SH:  5    Dex: 15    Spells: 6/8 levels left

rFire   . . .      SeeInvis .   a - +0 trident
rCold   . . .      Faith    .   y - +0 buckler
rNeg    . . .      Spirit   .   b - +0 leather armour
rPois   .          Reflect  .   Q - +1 helmet
rElec   .          Harm     .   K - +0 cloak
rCorr   .          Rampage  .   n - +0 pair of gloves
Will    .....                   (boots currently unavailable)
Stlth   ++........              R - amulet of the acrobat
HPRegen 0.20/turn               g - +6 ring of strength
MPRegen 0.11/turn               r - ring of wizardry

@: very quick
A: nimble swimmer 2, mertail
a: no special abilities


You were on level 6 of the Dungeon.
You visited 2 branches of the dungeon, and saw 8 of its levels.
You also visited: Sewer and Ossuary.

You collected 376 gold pieces.

Inventory:

Hand Weapons
 a - a +0 trident (weapon)
 p - the +9 dagger of the Ancient Wishes {vorpal, rCorr}
   (You took it off a centaur on level 5 of the Dungeon)

   It inflicts extra damage upon your enemies.
   rCorr:     It protects you from acid and corrosion.
 V - the +3 falchion of Hospitality {elec, rElec MP+9}
   (You found it on level 6 of the Dungeon)

   It occasionally discharges a powerful burst of electricity upon striking a
   foe.
   rElec:     It insulates you from electricity.
   MP:        It affects your magic capacity (+9).
Missiles
 d - a throwing net
 f - 48 sling bullets
 l - 100 stones
 N - 10 poisoned darts (quivered)
Armour
 b - a +0 leather armour (worn)
 c - a +0 helmet
 n - a +0 pair of gloves (worn)
 y - a +0 buckler (worn)
 I - a +1 chain mail of fire resistance
 J - an orb of wrath
 K - a +0 cloak (worn)
 L - a +2 robe of the Archmagi
 Q - a +1 helmet (worn)
 S - the +1 ring mail of Courage {Slay+3}
   (You found it on level 5 of the Dungeon)

   Slay:      It affects your accuracy & damage with ranged weapons and melee
   (+3).
Magical Staves
 u - a staff of cold
Jewellery
 g - a +6 ring of strength (left hand)
 r - a ring of wizardry (right hand)
 C - an amulet of magic regeneration
 M - a ring of flight
 R - an amulet of the acrobat (around neck)
Wands
 T - a wand of acid (14)
 X - a wand of flame (9)
Scrolls
 e - a scroll of noise {unknown}
 h - 2 scrolls of enchant weapon {unknown}
 k - a scroll of torment {unknown}
 m - 2 scrolls of amnesia {unknown}
 t - a scroll of fear {unknown}
 v - 6 scrolls of teleportation {unknown}
 w - a scroll of blinking {unknown}
 A - a scroll of immolation {unknown}
 E - 3 scrolls of magic mapping {unknown}
 F - 2 scrolls of brand weapon {unknown}
 G - 2 scrolls of identify {unknown}
 P - 3 scrolls of holy word {unknown}
 W - 2 scrolls of enchant armour {unknown}
Potions
 i - 2 potions of lignification {unknown}
 j - a potion of cancellation {unknown}
 o - a potion of flight {unknown}
 q - 4 potions of mutation {unknown}
 s - a potion of berserk rage {unknown}
 x - 5 potions of curing {unknown}
 z - 3 potions of resistance {unknown}
 B - a potion of magic {unknown}
 D - a potion of haste {unknown}
 H - 2 potions of heal wounds {unknown}
 O - 5 potions of invisibility {unknown}
 U - a potion of experience {unknown}


   Skills:
 - Level 2.1 Fighting
 * Level 12.6 Polearms
 + Level 6.5 Throwing
 - Level 4.0 Dodging
 + Level 5.4 Shields
 + Level 5.9 Poison Magic


You had 6 spell levels left.
You knew the following spells:

 Your Spells              Type           Power      Damage    Failure   Level
a - Poisonous Vapours     Pois/Air       12%        N/A       10%         2

Your spell library contained the following spells:

 Spells                   Type           Power      Damage    Failure   Level
 Foxfire                  Conj/Fire      0%         2x1d4     21%         1
 Corpse Rot               Necr/Air       0%         N/A       32%         2
 Scorch                   Fire           0%         2d5       32%         2
 Sublimation of Blood     Necr           0%         N/A       32%         2
 Conjure Flame            Conj/Fire      0%         6-21      52%         3
 Dazzling Flash           Conj/Hex       0%         N/A       52%         3
 Inner Flame              Hex/Fire       0%         N/A       52%         3
 Flame Wave               Conj/Fire      0%         2d4       88%         4
 Petrify                  Tmut/Erth      0%         N/A       88%         4
 Agony                    Necr           0%         N/A       99%         5
 Irradiate                Conj/Tmut      0%         3d13      99%         5
 Silence                  Hex/Air        0%         N/A       99%         5
 Summon Cactus Giant      Summ           0%         N/A       100%        6


Dungeon Overview and Level Annotations

Branches:
Dungeon (7/15)             Temple (1/1) D:6           Sewer (visited)
Ossuary (visited)

Altars:
Ashenzari
Gozag
Makhleb
Qazlal
Ru
Sif Muna
Trog
Uskayaw
Vehumet
Xom
Yredelemnul
Zin
The Shining One

Shops:
D:4 [   D:7 *

Annotations:
D:7 Maggie


Innate Abilities, Weirdness & Mutations

You are very nimble when in or above water. (Stealth+, EV+, Speed+++)
Your lower body shifts to a powerful aquatic tail in water.


Message History

You throw a poisoned dart.
The poisoned dart hits the two-headed ogre.
The two-headed ogre looks as sick as possible!
The two-headed ogre is lightly wounded.
The two-headed ogre barely misses you. You block the two-headed ogre's attack.
You climb upwards.
There is a stone staircase leading down here.
Your legs become a tail as you enter the water.
You reach to attack!
You barely miss the two-headed ogre.
The two-headed ogre is moderately wounded.
You reach to attack!
You hit the two-headed ogre.
The two-headed ogre is moderately wounded.
You reach to attack!
You hit the two-headed ogre.
The two-headed ogre is moderately wounded.
You reach to attack!
You barely miss the two-headed ogre.
The two-headed ogre is moderately wounded.
Your legs become a tail as you enter the water.
Your legs become a tail as you enter the water.
Throw: 11 darts (poison)
Press: ? - help, Q - select action, (/) - cycle Shift-Dir - straight line, f/p - two-headed ogre
Aim: a two-headed ogre, wielding a +0 giant spiked club and a +0 giant club (heavily wounded, poisoned, 77% to hit)
You throw a poisoned dart.
The poisoned dart hits the two-headed ogre!
The two-headed ogre looks as sick as possible!
The two-headed ogre is heavily wounded.
You hear a splash.
You reach to attack!
You closely miss the two-headed ogre.
The two-headed ogre is heavily wounded.
You puncture the two-headed ogre!
The two-headed ogre is severely wounded.
The two-headed ogre hits you with a +0 giant spiked club!
The two-headed ogre hits you with a +0 giant club!!
You hit the two-headed ogre.
The two-headed ogre is severely wounded.
You barely miss the two-headed ogre.
The two-headed ogre is almost dead.
The two-headed ogre hits you with a +0 giant spiked club!!
* * * LOW HITPOINT WARNING * * *
The two-headed ogre hits you with a +0 giant club!
You die...

#.#.....##.# #........
#.#.######.# #####...#
#######...######.## ####.###
........#>....##..# ##....# #
........#####.###.## ##..######
..#.......###.###..#####..## ##.
#.##.......##..###[.##...######..
.#.#............................#
##.##......##≈≈≈@≈##..#####......
#####......##≈≈≈O≈##..# ##..###..
...........≈≈.....≈≈.####..####.≈
.(....#....≈≈.....(≈.###..## #.§§
##########.≈≈.........#..## #§≈≈
#.≈≈≈....≈≈(.#.######.≈≈
#.≈≈.....≈≈...........≈≈
#.##≈≈.≈≈##..#######..≈≈
#.##≈≈.≈≈##..# #§.≈≈


You could see a two-headed ogre (extremely poisoned).

Vanquished Creatures
  Pikel (D:5)
  A wraith (D:7)
  2 steam dragons (D:7)
  A water moccasin (D:7)
  A sky beast (D:4)
  A black bear (D:3)
  An orc warrior (D:7)
  A necrophage (D:4)
  An ogre (D:7)
  A centaur (D:5)
  A phantom (D:7)
  A kobold brigand (Sewer)
  3 elf zombies (Ossuary)
  A bullfrog (D:6)
  A scorpion (D:6)
  A water moccasin skeleton (D:7)
  2 howler monkeys
  5 human zombies (Ossuary)
  A jelly (D:6)
  6 hounds
  A centaur skeleton (D:5)
  4 centaur zombies (Ossuary)
  2 orc wizards
  3 mummies (Ossuary)
  5 adders
  2 river rats (Sewer)
  A white imp (D:5)
  An ufetubus (D:4)
  2 adder skeletons (D:4)
  5 worms
  3 dart slugs
  13 orcs
  11 endoplasms
  4 giant cockroaches
  7 goblins
  3 hobgoblins
  7 jackals (D:1)
  3 quokkas
  15 ball pythons
  5 bats
  2 frilled lizards (D:1)
  A goblin zombie (D:5)
  10 kobolds
  4 rats
  A rat zombie (D:5)
148 creatures vanquished.

Vanquished Creatures (others)
  An orc wizard (D:7)
1 creature vanquished.

Grand Total: 149 creatures vanquished

Notes
Turn   | Place    | Note
-------+----------+-------------------------------------------
     0 | D:1      | mcbry74 the Merfolk Gladiator began the quest for the Orb.
     0 | D:1      | Reached XP level 1. HP: 16/16 MP: 1/1
    54 | D:1      | Reached XP level 2. HP: 22/22 MP: 2/2
    88 | D:1      | Reached skill level 5 in Polearms
   157 | D:1      | Reached XP level 3. HP: 17/27 MP: 3/3
  1515 | D:3      | Reached XP level 4. HP: 30/33 MP: 4/4
  1622 | D:3      | Found a glowing silver altar of Zin.
  1622 | D:3      | Found a sacrificial altar of Ru.
  1749 | D:3      | Noticed a black bear
  1767 | D:3      | Killed a black bear
  1768 | D:3      | Reached XP level 5. HP: 22/38 MP: 5/5
  1899 | D:3      | Learned a level 2 spell: Poisonous Vapours
  2936 | D:4      | Reached skill level 6 in Polearms
  3049 | D:4      | Noticed a necrophage
  3059 | D:4      | Killed a necrophage
  3060 | D:4      | Reached skill level 1 in Shields
  3060 | D:4      | Reached XP level 6. HP: 42/44 MP: 4/6
  3633 | D:4      | Noticed a sky beast
  3645 | D:4      | Killed a sky beast
  3646 | D:4      | Reached skill level 7 in Polearms
  3646 | D:4      | Reached XP level 7. HP: 28/50 MP: 7/7
  3809 | D:4      | Found Enki's Dragon-Slaying Spoils.
  3986 | D:5      | Entered Level 5 of the Dungeon
  4051 | D:5      | Found a sand-covered staircase.
  4058 | Ossuary  | Entered an ossuary
  4263 | Ossuary  | Reached skill level 8 in Polearms
  4739 | Ossuary  | Reached XP level 8. HP: 50/56 MP: 8/8
  4749 | Ossuary  | Reached skill level 9 in Polearms
  5108 | D:5      | Noticed Pikel
  5123 | D:5      | Killed Pikel
  5124 | D:5      | Reached skill level 10 in Polearms
  5124 | D:5      | Reached skill level 5 in Throwing
  5156 | D:5      | Identified the +9 dagger of the Ancient Wishes {vorpal,
                  | rCorr}
  5652 | D:5      | Identified the +1 ring mail of Courage {Slay+3}
  6053 | D:5      | Reached skill level 11 in Polearms
  6303 | D:6      | Reached XP level 9. HP: 61/61 MP: 9/9
  6393 | D:6      | Found a staircase to the Ecumenical Temple.
  6423 | Temple   | Entered the Ecumenical Temple
  6789 | D:6      | Reached skill level 5 in Poison Magic
  6790 | D:6      | Identified the +3 falchion of Hospitality {elec, rElec
                  | MP+9}
  6809 | D:6      | Found a glowing drain.
  6819 | Sewer    | Entered a sewer
  8000 | D:7      | Found Furasa's CLEARANCE SALE!.
  8025 | D:7      | Reached skill level 5 in Shields
  8026 | D:7      | Reached skill level 12 in Polearms
  8750 | D:7      | Found a stormy altar of Qazlal.
  8785 | D:7      | Noticed a two-headed ogre
  8789 | D:7      | Noticed Maggie
  8834 | D:6      | Slain by a two-headed ogre

Illustrated notes

Levels and vault maps discovered:
D:1:      grunt_arrival_crossed_arrows, layout_rooms
D:2:      layout_basic
D:3:      layout_loops_ring, jmf_multi_god_temple
D:4:      layout_basic, nicolae_shop_dragon_depot
D:5:      layout_basic, enter_ossuary_4, abandoned_shop,
          kennysheep_decorative_pillar, minmay_misc_feat_four_crosses,
          uniq_pikel
D:6:      layout_rooms, minmay_temple_entry_stoned_glass,
          cheibrodos_sewer_entry_sluice, mrwooster_statue_mirror,
          minmay_misc_feat_square, grunt_decor_junction
D:7:      lemuel_slime, layout_rooms, mainiacjoe_overflow_boulevard,
          okawaru_gym_becter, nicolae_shop_clearance, uniq_maggie, uniq_joseph
Temple:   eino_wide_crystal_templ

Skill      XL: |  1  2  3  4  5  6  7  8  9 |
---------------+----------------------------+-----
Polearms       | 5 6 7 8 11 12 | 12.6
Throwing       | 3 4 5 6 |  6.5
Poison Magic   | 3 4 5 |  5.9
Shields        | 1 2 4 5 |  5.4
Fighting       | |  2.1
Dodging        | |  4.0

Action                   |  1- 3 |  4- 6 |  7- 9 || total
-------------------------+-------+-------+-------++-------
Melee: Trident           |   119 |   114 |   436 ||   669
       Tailslap          |       |       |     3 ||     3
Throw: Dart              |     7 |       |    41 ||    48
       Stone             |     2 |    45 |    33 ||    80
       Throwing net      |       |     4 |     1 ||     5
 Cast: Poisonous Vapours |       |    12 |       ||    12
 Stab: Sleeping          |       |       |     4 ||     4
Armor: Leather armour    |    30 |    27 |    69 ||   126
Dodge: Dodged            |    77 |    49 |   161 ||   287
Block: Buckler           |       |     6 |    53 ||    59
